 Dungeon Crawl Stone Soup version 0.29.0-4-gdea44cf6ec (webtiles) character file.

Game seed: 14592119313213078605

95 qw the Chopper (level 4, 0/26 HPs)
             Began as a Tengu Warper on Aug 28, 2022.
             Slain by a quokka (2 damage)
             ... on level 3 of the Dungeon.
             The game lasted 00:00:15 (2504 turns).

qw the Chopper (Tengu Warper)                       Turns: 2504, Time: 00:00:16

Health: 0/26       AC:  5    Str: 13    XL:     4   Next: 65%
Magic:  8/8        EV:  9    Int: 14    God:
Gold:   120        SH:  8    Dex: 13    Spells: 7/7 levels left

rFire   . . .      SeeInvis +   Y - +1 hand axe
rCold   . . .      Faith    .   f - +0 kite shield
rNeg    . . .      Spirit   .   l - +0 ring mail
rPois   .          Reflect  .   (helmet restricted)
rElec   .          Harm     .   (no cloak)
rCorr   .          Rampage  .   (no gloves)
Will    .....                   (boots unavailable)
Stlth   +.........              (no amulet)
HPRegen 0.08/turn               e - ring of see invisible
MPRegen 0.11/turn               (no ring)

@: no status effects
A: beak, talons 3
a: no special abilities


You were on level 3 of the Dungeon.
You visited 1 branch of the dungeon, and saw 3 of its levels.

You collected 120 gold pieces.


Innate Abilities, Weirdness & Mutations

You have a beak for a mouth.
You have claws for feet.


   Skills:
 - Level 2.0 Fighting
 - Level 4.1 Axes
 - Level 1.0 Throwing
 - Level 1.1 Armour
 - Level 2.1 Dodging
 + Level 2.5 Shields
 - Level 2.0 Spellcasting
 - Level 2.4 Translocations


You had 7 spell levels left.
You didn't know any spells.
Your spell library contained the following spells:

 Spells                   Type           Power      Damage    Failure   Level
 Blink                    Tloc           16%        N/A       67%         2
 Gell's Gravitas          Tloc           8%         N/A       88%         3
 Lesser Beckoning         Tloc           8%         N/A       88%         3
 Teleport Other           Tloc           8%         N/A       88%         3
 Manifold Assault         Tloc           8%         N/A       100%        5

Inventory:

Hand Weapons
 h - a +0 mace
 Y - a +1 hand axe (weapon)
Armour
 f - a +0 kite shield (worn)
 l - a +0 ring mail (worn)
Jewellery
 a - a ring of ice
 e - a ring of see invisible (left hand)
Scrolls
 b - a scroll of immolation {unknown}
 i - a scroll of identify
Potions
 g - a potion of haste
 j - a potion of curing
 n - 2 potions of cancellation {unknown}

Dungeon Overview and Level Annotations

Branches:
Dungeon (3/15)

Altars:
Dithmenos

Shops:
D:1 (


Message History

You barely miss the adder.
The adder is severely wounded.
The adder bites you. The adder misses you.
You slash the adder!
You kill the adder!
The bat closely misses you.
You hit the bat.
You kill the bat!
You hit the hobgoblin. The hobgoblin hits you.
You closely miss the hobgoblin. Your kick misses the hobgoblin.
The hobgoblin is moderately wounded.
You block the hobgoblin's attack.
You hit the hobgoblin.
You kill the hobgoblin!
The quokka bites you.
You closely miss the quokka. Your kick misses the quokka.
Your peck misses the quokka. You block the quokka's attack.
You hit the quokka. Your kick misses the quokka.
The quokka is heavily wounded.
The quokka bites you. x2
You hit the quokka.
You kill the quokka!
You hit the endoplasm. Your kick misses the endoplasm. You peck the endoplasm.
The endoplasm is heavily wounded.
The endoplasm freezes you.
You are frozen.
You hit the endoplasm.
You kill the endoplasm!
You block the endoplasm's attack.
You slash the endoplasm!
You kill the endoplasm!
You completely miss the quokka. You claw the quokka.
The quokka is severely wounded.
The quokka bites you.
You miss the quokka. Your kick misses the quokka.
The quokka is severely wounded.
The quokka bites you.
You die...

###.#.........# #.#
#......
######.########### #.#
###....
..................#
#####....
..####..).#...##..#
#........
#....#...###.#
#.######.
#....##..###.# #.# #.
.....###......# #.# ##
..#...# ##.....# #.#
### ...#...# ###.@.#
#.# #.. .. #..## ###r#
#.# #.# #...%#
#.#####.#
#....J..#######.##.^...
.....J..#..............
........##########.###.
###g###.# ########.###.
r. #.# ............. ..
#.# ..######.###.


You could see a quokka.

Vanquished Creatures
  3 adders
  A worm (D:1)
  2 orcs (D:3)
  8 endoplasms
  2 giant cockroaches
  3 hobgoblins
  A jackal (D:3)
  3 kobolds
  4 quokkas
  8 ball pythons
  13 bats
  A frilled lizard (D:1)
  7 goblins
  3 rats (D:1)
59 creatures vanquished.

Notes
Turn   | Place    | Note
-------+----------+-------------------------------------------
     0 | D:1      | qw the Tengu Warper began the quest for the Orb.
     0 | D:1      | Reached XP level 1. HP: 12/12 MP: 4/4
     0 | D:1      | 0 ||| qw: Version: 0.1-a-89-g26bdef1
     0 | D:1      | 0 ||| qw: Game counter: 1653
     0 | D:1      | 0 ||| qw: Always use a shield: true
     0 | D:1      | 0 ||| qw: God list: Okawaru
     0 | D:1      | 0 ||| qw: Allow faded altars: false
     0 | D:1      | 0 ||| qw: Do Orc after D:15 true
     0 | D:1      | 0 ||| qw: Do second Lair branch before Depths: true
     0 | D:1      | 0 ||| qw: Lair rune preference: random
     0 | D:1      | 0 ||| qw: Plans: Normal
     0 | D:1      | 0 ||| PLANNING D:1-11
   208 | D:1      | 208 ||| Stepping ~*~*~tactically~*~*~ (stealth).
   210 | D:1      | Reached XP level 2. HP: 17/17 MP: 6/6
   211 | D:1      | 211 ||| Stepping ~*~*~tactically~*~*~ (stealth).
   212 | D:1      | 212 ||| Stepping ~*~*~tactically~*~*~ (stealth).
   215 | D:1      | Reached skill level 3 in Axes
   260 | D:1      | 260 ||| DROPPING +0 club.
   695 | D:1      | Reached XP level 3. HP: 21/21 MP: 7/7
   713 | D:1      | 713 ||| Stepping ~*~*~tactically~*~*~ (stealth).
   766 | D:1      | Reached skill level 4 in Axes
  1040 | D:1      | Found Ystra's Antique Weapon Shoppe.
  1103 | D:1      | 1103 ||| SHOPLISTING runed morningstar (133 gold, have 37).
  1235 | D:1      | 1235 ||| UPGRADING to +0 kite shield.
  1240 | D:1      | 1240 ||| UPGRADING to +0 ring mail.
  1250 | D:1      | 1250 ||| DROPPING +0 leather armour.
  1251 | D:1      | 1251 ||| DROPPING amulet of magic regeneration.
  1252 | D:1      | 1252 ||| UPGRADING to ring of see invisible.
  1253 | D:1      | 1253 ||| READING scroll labelled AJINLI XEURPH.
  1254 | D:1      | 1254 ||| READING 2 scrolls labelled PUPLOA WOUR.
  1255 | D:1      | 1255 ||| READING scroll labelled KENYNY TAPH.
  1256 | D:1      | 1256 ||| READING scroll labelled LUHEVI BOIMA.
  1357 | D:1      | 1357 ||| DROPPING scroll of blinking.
  1522 | D:2      | 1522 ||| FLEEEEING.
  1523 | D:2      | 1523 ||| STAIRDANCE
  1611 | D:1      | 1611 ||| READING 2 scrolls of identify.
  1611 | D:1      | 1611 ||| IDENTIFYING viscous orange potion
  1612 | D:1      | 1612 ||| DROPPING potion of attraction.
  1616 | D:2      | 1616 ||| STAIRDANCE
  1623 | D:1      | Reached skill level 1 in Shields
  1825 | D:2      | Reached XP level 4. HP: 26/26 MP: 8/8
  2071 | D:2      | 2071 ||| READING 4 scrolls of identify.
  2071 | D:2      | 2071 ||| IDENTIFYING lumpy orange potion
  2072 | D:2      | 2072 ||| READING 3 scrolls of identify.
  2072 | D:2      | 2072 ||| IDENTIFYING bubbling emerald potion
  2073 | D:2      | 2073 ||| READING 2 scrolls of identify.
  2073 | D:2      | 2073 ||| IDENTIFYING blue potion
  2074 | D:2      | 2074 ||| DROPPING potion of lignification.
  2101 | D:3      | Found a shadowy altar of Dithmenos.
  2138 | D:3      | 2138 ||| Stepping ~*~*~tactically~*~*~ (stealth).
  2259 | D:3      | Found a faded altar of an unknown god.
  2301 | D:3      | 2301 ||| Stepping ~*~*~tactically~*~*~ (stealth).
  2302 | D:3      | 2302 ||| Stepping ~*~*~tactically~*~*~ (stealth).
  2477 | D:3      | 2477 ||| Stepping ~*~*~tactically~*~*~ (stealth).
  2483 | D:3      | 2483 ||| Stepping ~*~*~tactically~*~*~ (stealth).
  2500 | D:3      | HP: 3/26 [frozen (5)]
  2503 | D:3      | HP: 1/26 [quokka (2)]
  2504 | D:3      | Slain by a quokka

Levels and vault maps discovered:
D:1:      tarquinn_simple_flora_water_c, layout_loops_corners, serial_shops,
          shop, minmay_pentomino_w4
D:2:      layout_rooms, interstate_on_off, minmay_misc_feat_chi
D:3:      minmay_recursive_quarters, layout_loops_ring,
          nicolae_overflow_hidden_temple, mainiacjoe_overflow_paths,
          ebering_ecumenical_altar_petrified

Skill      XL: |  1  2  3  4 |
---------------+-------------+-----
Axes           | 3 4 |  4.1
Shields        | 1 2 |  2.5
Fighting       | |  2.0
Throwing       | |  1.0
Armour         | |  1.1
Dodging        | |  2.1
Spellcasting   | |  2.0
Translocations | |  2.4

Action                   |  1- 3 |  4- 6 || total
-------------------------+-------+-------++-------
Melee: Hand axe          |   123 |    48 ||   171
       Kick              |    23 |     7 ||    30
       Peck              |    16 |     3 ||    19
       Punch             |     1 |       ||     1
Throw: Boomerang         |     7 |       ||     7
  Use: Scroll            |     5 |     3 ||     8
Armor: Leather armour    |    34 |       ||    34
       Ring mail         |     7 |     9 ||    16
Dodge: Dodged            |    89 |    17 ||   106
Block: Kite shield       |     9 |    16 ||    25

Table legend:
 A = Non-vault XP
 B = Vault XP
 C = Vault XP percentage of total XP
 D = Non-vault monster count
 E = Vault monster count
 F = Vault count percentage of total count
                 A         B        C        D         E       F
            +---------+---------+-------+---------+---------+-------
      Total |     101 |      35 |  25.7 |      45 |      14 |  23.7
            +---------+---------+-------+---------+---------+-------
        D:1 |      63 |      10 |  13.7 |      31 |       6 |  16.2
        D:2 |      11 |       0 |   0.0 |       6 |       0 |   0.0
        D:3 |      27 |      25 |  48.1 |       8 |       8 |  50.0
            +---------+---------+-------+---------+---------+-------
